 Dungeon Crawl Stone Soup version 0.24-a0-725-gf1a930fc54 (webtiles) character file.

Game seed: 14185099449580104853, levelgen mode: deterministic

37 Engwar the Cudgeler (level 3, 24/29 HPs)
             Began as a Demonspawn Berserker on Oct 1, 2019.
             Was a Follower of Trog.
             Quit the game on level 2 of the Dungeon.
             The game lasted 00:02:14 (1173 turns).

Engwar the Cudgeler (Demonspawn Berserker)          Turns: 1173, Time: 00:02:15

Health: 24/29      AC:  5    Str: 18    XL:     3   Next: 21%
Magic:  3/3        EV: 11    Int:  8    God:    Trog [*.....]
Gold:   24         SH:  0    Dex: 14    Spells: 2/2 levels left

rFire    . . .     SeeInvis .   a - +0 mace
rCold    . . .     Gourm    .   (no shield)
rNeg     . . .     Faith    .   e - +0 ring mail
rPois    .         Spirit   .   (no helmet)
rElec    .         Reflect  .   (no cloak)
rCorr    .         Harm     .   (no gloves)
MR       .....                  (no boots)
Stlth    +.........             (no amulet)
HPRegen  0.09/turn              (no ring)
MPRegen  0.08/turn              (no ring)

@: mildly poisoned (24 -> 22)
A: thin skeletal structure 1, spiny 1
a: Berserk, Renounce Religion


You were on level 2 of the Dungeon.
You worshipped Trog.
Trog was aware of your devotion.
You were hungry.

You visited 1 branch of the dungeon, and saw 2 of its levels.

You collected 24 gold pieces.

Inventory:

Hand Weapons
 a - a +0 mace (weapon)
 b - a +0 hunting sling
Missiles
 h - 62 stones (quivered)
Armour
 e - a +0 ring mail (worn)
Scrolls
 f - 2 scrolls of identify {unknown}
 i - a scroll of teleportation {unknown}
 k - a scroll of fear {unknown}
Potions
 d - a potion of brilliance {unknown}
 g - a potion of curing {unknown}
 j - a potion of haste {unknown}
Comestibles
 c - a ration
 l - 2 chunks of flesh


   Skills:
 - Level 3.0 Fighting
 + Level 4.0 Maces & Flails
 - Level 1.7 Armour
 - Level 1.7 Dodging


You had 2 spell levels left.
You didn't know any spells.
Your spell library was empty.

Dungeon Overview and Level Annotations

Branches:
Dungeon (2/15)

Altars:


Innate Abilities, Weirdness & Mutations

You have a somewhat thin skeletal structure. (Dex +2, Stealth)
You are partially covered in sharp spines.


Message History

The adder is struck by your spines. The adder closely misses you.
The adder is struck by your spines. The adder bites you but does no damage.
You hit the adder.
You kill the adder!
Trog accepts your kill.
Your Maces & Flails skill increases to level 4!
You have reached level 3!
Your experience leads to an increase in your attributes!
Increase (S)trength, (I)ntelligence, or (D)exterity?
You feel stronger.
Your demonic ancestry asserts itself...
Your bones become slightly less dense.
You feel sick.
You see here an adder corpse.
You butcher the adder corpse.
l - 2 chunks of flesh You see here an adder skeleton.
A frilled lizard comes into view.
You feel sick.
There is a stone staircase leading up here.
Are you sure you want to abandon this character and quit the game? (Confirm with "yes".)

##### ##...##
##.....## #
#.......#
#.#.......#
.........#
#.....#####
#.#..÷.......
#....@...####
##....†..#
#.......#
##.>..[...
#..%$.####
..###.. #
...##. ...
.## .l. ..
#####.. ..
#.# #...


You could see a frilled lizard (wandering).

Vanquished Creatures
  An adder (D:2)
  A dart slug (D:1)
  A leopard gecko (D:1)
  A goblin (D:1)
  2 hobgoblins (D:1)
  4 jackals (D:1)
  6 bats
  4 frilled lizards (D:1)
  A kobold (D:1)
  4 rats (D:1)
25 creatures vanquished.

Notes
Turn   | Place    | Note
-------+----------+-------------------------------------------
     0 | D:1      | Engwar the Demonspawn Berserker began the quest for the
                  | Orb.
     0 | D:1      | Reached XP level 1. HP: 18/18 MP: 1/1
    31 | D:1      | Reached skill level 3 in Maces & Flails
   372 | D:1      | Gained mutation: You are partially covered in sharp spines.
                  | [demonic ancestry]
   372 | D:1      | Reached XP level 2. HP: 23/24 MP: 2/2
  1168 | D:2      | Reached skill level 4 in Maces & Flails
  1168 | D:2      | Gained mutation: You have a somewhat thin skeletal
                  | structure. (Dex +2, Stealth) [demonic ancestry]
  1168 | D:2      | Reached XP level 3. HP: 26/29 MP: 3/3
  1173 | D:2      | Quit the game

Levels and vault maps discovered:
D:1:      kilobyte_arrival_exit_the_forest, layout_loops_cross, st_stairs_5,
          chequers_serial_rivers_room_a
D:2:      layout_rooms, chequers_ecumenical_altar_grove, tgw_kikubaaqudgha

Skill      XL: |  1  2 |
---------------+-------+-----
Maces & Flails | 3 4 |  4.0
Fighting       | |  3.0
Armour         | |  1.7
Dodging        | |  1.7

Action                   || total
-------------------------++-------
Melee: Mace              ||    56
 Stab: Sleeping          ||     1
Armor: Animal skin       ||     4
       Ring mail         ||    12
Dodge: Dodged            ||    46

Table legend:
 A = Non-vault XP
 B = Vault XP
 C = Vault XP percentage of total XP
 D = Non-vault monster count
 E = Vault monster count
 F = Vault count percentage of total count
                 A         B        C        D         E       F
            +---------+---------+-------+---------+---------+-------
      Total |      49 |       4 |   7.5 |      22 |       3 |  12.0
            +---------+---------+-------+---------+---------+-------
        D:1 |      34 |       4 |  10.5 |      20 |       3 |  13.0
        D:2 |      15 |       0 |   0.0 |       2 |       0 |   0.0
            +---------+---------+-------+---------+---------+-------
